 Dungeon Crawl Stone Soup version 0.26-a0-712-ga5a9c9c9d0 (webtiles) character file.

Game seed: 3035486070425093524

417 tilp the Covert (level 6, -3/28 HPs)
             Began as a Spriggan Enchanter on Nov 3, 2020.
             Killed from afar by an orc wizard (4 damage)
             ... with a puff of flame
             ... on level 4 of the Dungeon.
             The game lasted 00:06:57 (5551 turns).

tilp the Covert (Spriggan Enchanter)                Turns: 5551, Time: 00:06:57

Health: -3/28      AC:  3    Str:  4    XL:     6   Next: 61%
Magic:  11/12      EV: 18    Int: 18    God:
Gold:   97         SH:  0    Dex: 17    Spells: 5/11 levels left

rFire    . . .     SeeInvis +   a - +2 dagger (venom)
rCold    . . .     Faith    .   (shield restricted)
rNeg     . . .     Spirit   .   h - +0 robe
rPois    .         Reflect  .   (helmet restricted)
rElec    .         Harm     .   f - +0 cloak
rCorr    .         Rampage  .   (gloves unavailable)
MR       +....                  (boots unavailable)
Stlth    ++++......             (no amulet)
HPRegen  0.09/turn              (no ring)
MPRegen  0.13/turn              (no ring)

@: lightly drained, very quick
A: very small, unfitting armour, see invisible, speed 3
a: no special abilities


You were on level 4 of the Dungeon.
You visited 1 branch of the dungeon, and saw 4 of its levels.

You collected 97 gold pieces.

Inventory:

Hand Weapons
 a - a +2 dagger of venom (weapon)
 b - a +1 dagger of venom
 x - a +1 dagger of draining
Missiles
 m - 11 poisoned darts (quivered)
 p - 7 boomerangs
Armour
 f - a +0 cloak (worn)
 h - a +0 robe (worn)
Jewellery
 o - an uncursed amulet of the acrobat {unknown}
Scrolls
 c - a scroll of identify {unknown}
 d - a scroll of blinking {unknown}
 i - 2 scrolls of remove curse {unknown}
 n - 2 scrolls of magic mapping
 q - a scroll of enchant armour {unknown}
Potions
 e - a potion of heal wounds {unknown}
 g - a potion of might {unknown}
 j - a potion of haste {unknown}
 k - a potion of degeneration {unknown}
 l - a potion of invisibility {unknown}
 r - a potion of resistance {unknown}
 s - a potion of stabbing {unknown}
 t - a potion of berserk rage {unknown}
 u - a potion of flight {unknown}
 v - a potion of lignification {unknown}
 w - a potion of ambrosia {unknown}


   Skills:
 - Level 5.0(4.7) Short Blades
 - Level 3.0(2.7) Dodging
 - Level 8.0(7.6) Stealth
 + Level 3.3(3.0) Spellcasting
 * Level 4.6(4.3) Hexes


You had 5 spell levels left.
You knew the following spells:

 Your Spells              Type           Power        Failure   Level
a - Corona                Hex            ###....      2%          1
b - Ensorcelled Hibernat  Hex/Ice        ##....       10%         2
c - Confusing Touch       Hex            ###.....     9%          3

Your spell library contained the following spells:

 Spells                   Type           Power        Failure   Level
 Tukima's Dance           Hex            ###.....     9%          3
 Dazzling Flash           Conj/Hex       ##....       21%         3


Dungeon Overview and Level Annotations

Branches:
Dungeon (4/15)
 Temple: D:4-7

Altars:
Hepliaklqana
Makhleb
Nemelex Xobeh

Annotations:
D:3 3 runed translucent doors, HunterMK's ghost, amateur FoFi


Innate Abilities, Weirdness & Mutations

You are very small and have problems with some larger weapons.
You are too small for most types of armour.
You have supernaturally acute eyesight. (SInv)
You cover ground extremely quickly.


Message History

The orc wizard is moderately wounded.
You barely miss the orc wizard.
The orc wizard is heavily wounded.
The orc wizard closely misses you.
You barely miss the orc wizard.
The orc wizard is heavily wounded.
You miss the orc wizard.
The orc wizard is heavily wounded.
The orc wizard hits you with a +0 mace!
* * * LOW HITPOINT WARNING * * *
You are too injured to fight recklessly!
The orc wizard gestures at you while chanting.
The magic dart hits you!
* * * LOW HITPOINT WARNING * * *
There is a stone staircase leading up, spattered with blood here.
You see here 2 stones.
You kill the orc wizard!
The orc wizard gestures at you while chanting.
The puff of flame hits you.
You die...

#.. #.# #.# # #
#.# .# #.#####.#
..#
#..(....#######
..
.).............
.##
#..o###########.#
..
#(.o)[@....(....#
.#
#$#############.#
.# #..# .#
.o.......# .#
#8o...#.... .#
..8.#.#.#### .#
##. . #.# .# ..
## #.# .# # #.#


You could see an orc wizard and an orc.

Vanquished Creatures
  An orc warrior (D:3)
  2 orc priests (D:4)
  4 orc wizards
  A worker ant (D:2)
  3 gnolls
  2 adders (D:2)
  An adder skeleton (D:4)
  2 dart slugs
  A leopard gecko (D:2)
  11 orcs
  2 ball pythons
  3 giant cockroaches (D:1)
  5 goblins
  6 hobgoblins
  10 jackals
  5 bats
  4 frilled lizards
  5 kobolds
  A quokka skeleton (D:4)
  7 rats
76 creatures vanquished.

Vanquished Creatures (others)
  3 fungi (D:3)
  A plant (D:3)
4 creatures vanquished.

Grand Total: 80 creatures vanquished

Notes
Turn   | Place    | Note
-------+----------+-------------------------------------------
     0 | D:1      | tilp the Spriggan Enchanter began the quest for the Orb.
     0 | D:1      | Reached XP level 1. HP: 9/9 MP: 5/5
   692 | D:1      | Reached skill level 5 in Stealth
   692 | D:1      | Reached XP level 2. HP: 10/13 MP: 3/6
   726 | D:1      | Learned a level 2 spell: Ensorcelled Hibernation
  1554 | D:2      | Found a sparkling altar of Nemelex Xobeh.
  1567 | D:2      | Found a hazy altar of Hepliaklqana.
  1616 | D:2      | Reached XP level 3. HP: 16/16 MP: 8/8
  1621 | D:2      | Learned a level 3 spell: Confusing Touch
  2169 | D:2      | Reached skill level 6 in Stealth
  2227 | D:2      | Reached XP level 4. HP: 21/21 MP: 9/9
  2727 | D:3      | Found a burning altar of Makhleb.
  2727 | D:3      | Noticed a cacodemon
  2730 | D:3      | Noticed a hellwing
  2730 | D:3      | Noticed a hellwing
  2780 | D:3      | Reached skill level 7 in Stealth
  3049 | D:3      | Found a runed translucent gate.
  3049 | D:3      | Found a runed translucent gate.
  3049 | D:3      | Noticed a big kobold
  3052 | D:3      | Noticed HunterMK's ghost (amateur FoFi)
  3054 | D:3      | Found a runed translucent gate.
  3315 | D:4      | Reached XP level 5. HP: 22/24 MP: 10/10
  3921 | D:4      | Noticed a phantom
  4827 | D:4      | Noticed an orc warrior
  4839 | D:4      | Reached skill level 8 in Stealth
  4839 | D:4      | Reached XP level 6. HP: 22/28 MP: 6/11
  5160 | D:3      | Killed an orc warrior
  5160 | D:3      | Reached skill level 5 in Short Blades
  5550 | D:4      | HP: 1/28 [orc wizard/magic dart (9)]
  5551 | D:4      | Killed from afar by an orc wizard

Illustrated notes

Levels and vault maps discovered:
D:1:      sevenhm_arrival_forest_fort_large_2, layout_rooms
D:2:      layout_loops_cross, amethyst_overflow_temple_binary
D:3:      layout_loops_ring, gammafunk_ghost_nasty_kobolds,
          makhleb_altar_promises_db
D:4:      layout_loops_ring, minmay_temple_entry_water_ring,
          guppyfry_early_orc_mine

Skill      XL: |  1  2  3  4  5  6 |
---------------+-------------------+-----
Stealth        | 5 6 7 8 |  8.0
Short Blades   | 2 3 4 5 |  5.0
Spellcasting   | 3 |  3.3
Hexes          | 4 |  4.6
Dodging        | |  3.0

Action                   |  1- 3 |  4- 6 || total
-------------------------+-------+-------++-------
Melee: Dagger            |   102 |   195 ||   297
Throw: Stone             |     1 |       ||     1
 Cast: Corona            |     9 |     2 ||    11
       Ensorcelled Hiber |     6 |    17 ||    23
       Confusing Touch   |       |     7 ||     7
  Use: Scroll            |       |     1 ||     1
 Stab: Sleeping          |    11 |     9 ||    20
       Confused          |       |     1 ||     1
Armor: Robe              |    12 |    15 ||    27
Dodge: Dodged            |    84 |   112 ||   196

Table legend: (Time is in decaauts)
 A = Elapsed time spent in this place.
 B = Non-inter-level travel time spent in this place.
 C = Inter-level travel time spent in this place.
 D = Time resting spent in this place.
 E = Time spent auto-exploring this place.
 F = Levels seen in this place.
 G = Mean time per level.
                   A        B        C        D        E       F      G
               +--------+--------+--------+--------+--------+-----+--------+
         Total |   4584 |   4439 |    145 |   2348 |   1413 |   4 | 1146.0 |
       Dungeon |   4584 |   4439 |    145 |   2348 |   1413 |   4 | 1146.0 |
               +--------+--------+--------+--------+--------+-----+--------+

Top non-repeatable levels by time:
     D:3: 1367 daAuts
     D:1: 1285 daAuts
     D:2: 1169 daAuts
     D:4: 762 daAuts
